Map: 16-Bit LE

Players

ManlyManMeat - Winner!

  • Race: Zerg Zerg
  • Spawn Location: 7:00

VOD

Have the link to the VOD?

Description

Time

  • Played on: May 14, 2025, 7:17 p.m.
  • Length: 46:28
Show
View Real Time Build Order
Export as new Build Order

ManlyManMeat Zerg - Winner!

Build Orders: Hatch First 

Get SALT Encoding   

  12  0:08  Overlord  
  12  0:25  Drone x2  
  12  0:29  Drone  
  12  0:38  Drone  
  12  0:51  Hatchery  
  12  0:53  Drone  
  12  1:02  Drone  
  12  1:10  Drone  
  12  1:17  Spawning Pool  
  12  1:19  Drone  
  12  1:22  Extractor  
  12  1:38  Drone  
  12  1:50  Drone  
  12  2:01  Overlord  
  12  2:04  Queen  
  12  2:05  Queen  
  12  2:06  Drone  
  12  2:16  Zergling x6  
  12  2:26  Drone x2  
  12  2:31  Metabolic Boost  
  12  2:39  Drone x2  
  12  2:48  Queen  
  12  2:51  Drone  
  12  2:54  Drone  
  12  3:00  Overlord  
  12  3:03  Drone  
  12  3:19  Drone x6  
  12  3:24  Overlord  
  12  3:41  Hatchery  
  12  3:57  Drone x4, Hatchery  
  12  4:07  Drone x3  
  12  4:08  Drone  
  12  4:14  Drone x4  
  12  4:26  Overlord  
  12  4:27  Overlord  
  12  4:44  Queen x2  
  12  4:45  Overlord  
  12  4:46  Overlord x2  
  12  4:48  Drone x2  
  12  4:52  Extractor  
  12  4:55  Extractor  
  12  5:12  Drone x13  
  12  5:15  Overlord x2  
  12  5:23  Extractor  
  12  5:27  Extractor  
  12  5:28  Extractor  
  12  5:33  Drone x6, Extractor  
  12  5:35  Extractor  
  12  5:42  Drone x4  
  12  5:54  Queen  
  12  6:01  Queen x2  
  12  6:36  Drone x14  
  12  7:00  Queen x2  
  12  7:36  Evolution Chamber x2  
  12  7:37  Drone x4, Evolution Chamber  
  12  7:38  Drone x5  
  12  9:26  Overlord x5  
  12  9:27  Overlord  
  12  9:29  Overlord  
  12  9:30  Overlord x2  
  12  9:44  Zerg Melee Weapons Level 1  
  12  9:45  Zerg Ground Armor Level 1, Zerg Missile Weapons Level 1  
  12  9:59  Roach Warren  
  12  10:55  Overlord x3  
  12  10:56  Overlord x4  
  12  10:57  Overlord x13  
  12  12:07  Baneling Nest  
  12  12:08  Baneling Nest  
  12  12:11  Spore Crawler  
  12  13:53  Lair  
  12  16:39  Zerg Melee Weapons Level 2, Zerg Ground Armor Level 2, Zerg Missile Weapons Level 2  
  12  16:43  Centrifugal Hooks  
  12  16:48  Roach Warren  
  12  16:54  Glial Reconstitution  
  12  17:35  Tunneling Claws  
  12  18:11  Spire  
  12  18:12  Spire  
  12  18:13  Spire  
  12  18:14  Drone x6  
  12  18:15  Drone  
  12  18:29  Hydralisk Den  
  12  18:30  Hydralisk Den  
  12  18:31  Hydralisk Den  
  12  18:58  Overseer  
  12  19:00  Overseer  
  12  19:17  Pneumatized Carapace  
  12  19:34  Overseer x5  
  12  20:13  Overseer x4  
  12  20:14  Overlord  
  12  20:34  Overseer  
  12  20:37  Overseer  
  12  20:45  Overseer  
  12  20:48  Overseer  
  12  20:49  Hydralisk x2, Overseer  
  12  20:51  Overseer  
  12  20:52  Overseer  
  12  20:54  Overseer  
  12  21:12  Hydralisk x4  
  12  21:13  Hydralisk x5  
  12  21:14  Hydralisk x3  
  12  22:55  Grooved Spines  
  12  22:56  Muscular Augments  
  12  23:09  Lurker Den  
  12  23:11  Lurker Den  
  12  23:14  Overseer  
  12  23:16  Overseer, Lurker Den  
  12  23:18  Overseer, Lurker Den  
  12  23:19  Lurker Den  
  12  23:21  Overseer  
  12  23:23  Lurker Den  
  12  24:20  Hydralisk x3  
  12  24:21  Hydralisk  
  12  24:26  Roach x2  
  12  24:27  Roach x2  
  12  24:45  Spire  
  12  24:46  Spire  
  12  24:53  Lurker x2  
  12  24:54  Lurker  
  12  24:57  Lurker  
  12  29:30  Overlord  
  12  29:31  Overlord x14  
  12  29:32  Overlord x12  
  12  29:54  Overseer  
  12  30:25  Mutalisk  
  12  30:26  Corruptor  
  12  30:28  Mutalisk, Corruptor  
  12  30:50  Drone x2  
  12  30:51  Drone  
  12  31:13  Zerg Flyer Weapons Level 1  
  12  31:14  Zerg Flyer Armor Level 1  
  12  31:35  Mutalisk x2  
  12  31:38  Mutalisk  
  12  31:40  Corruptor  
  12  32:02  Corruptor  
  12  32:03  Corruptor  
  12  32:23  Mutalisk x5  
  12  32:24  Corruptor x4  
  12  33:16  Zerg Flyer Weapons Level 2  
  12  33:17  Zerg Flyer Armor Level 2  
  12  34:07  Nydus Network  
  12  34:11  Infestation Pit  
  12  34:15  Infestation Pit  
  12  34:46  Nydus Canal  
  12  35:02  Nydus Canal  
  12  35:36  Nydus Network  
  12  35:42  Nydus Network  
  12  35:50  Infestor x2  
  12  35:53  Neural Parasite  
  12  35:59  Nydus Canal  
  12  36:15  Nydus Network x2  
  12  36:17  Nydus Network  
  12  36:21  Nydus Canal  
  12  36:22  Nydus Canal  
  12  36:23  Nydus Canal  
  12  36:36  Nydus Canal  
  12  36:37  Nydus Canal  
  12  36:39  Nydus Canal  
  12  36:57  Nydus Canal x2  
  12  36:59  Nydus Canal x3  
  12  37:00  Nydus Canal  
  12  37:55  Baneling Nest  
  12  38:07  Infestor  
  12  38:08  Infestor  
  12  38:09  Infestor x2  
  12  38:29  Hive  
  12  39:34  Burrow  
  12  40:04  Zerg Flyer Armor Level 3  
  12  40:07  Adaptive Talons  
  12  40:09  Seismic Spines  
  12  40:16  Zerg Ground Armor Level 3  
  12  40:17  Zerg Melee Weapons Level 3, Zerg Missile Weapons Level 3  
  12  40:22  Ultralisk Cavern  
  12  40:25  Ultralisk Cavern  
  12  40:28  Infestor  
  12  40:30  Adrenal Glands  
  12  40:34  Infestor  
  12  41:14  Unknown  
  12  41:45  Zerg Flyer Weapons Level 3  
  12  42:06  Viper x2  
  12  42:45  Greater Spire  
Tags
 
Race
Zerg
Replay Pack
Multiplayer
Add a new tag
Caveats
  • Supply blocks, unpowered buildings, or Contaminate may cause inaccurate times.
  • Supply counts are checked every 10 seconds.